 Dungeon Crawl Stone Soup version 0.19.5 (webtiles) character file.

56 MovingMist the Shield-Bearer (level 3, -3/24 HPs)
             Began as a Gargoyle Fighter on Apr 7, 2017.
             Killed from afar by Natasha (10 damage)
             ... with a wand of flame
             ... on level 2 of the Dungeon.
             The game lasted 00:02:37 (1048 turns).

MovingMist the Shield-Bearer (Gargoyle Fighter)     Turns: 1048, Time: 00:02:38

Health: -3/24      AC: 10    Str: 19    XL:     3   Next: 95%
Magic:  9/12       EV:  8    Int:  8    God:
Gold:   42         SH:  9    Dex: 10    Spells: 0 memorised, 2 levels left

rFire  . . .     SeeInvis .     a - +0 flail
rCold  . . .     Gourm    .     b - +0 scale mail
rNeg   + . .     Faith    .     c - +0 shield
rPois  ∞         Spirit   .     (no helmet)
rElec  +         Reflect  .     (no cloak)
rCorr  .         Harm     .     (no gloves)
MR     .....                    (no boots)
Stlth  ..........               (no amulet)
                                j - ring of magical power
                                (no ring)

@: very slightly contaminated
A: negative energy resistance 1, electricity resistance, unbreathing,
petrification resistance, rot immunity, AC +3
a: no special abilities


You were on level 2 of the Dungeon.
You were hungry.

You visited 1 branch of the dungeon, and saw 2 of its levels.

You collected 42 gold pieces.

Inventory:

Hand Weapons
 a - a +0 flail (weapon)
Armour
 b - a +0 scale mail (worn)
 c - a +0 shield (worn)
Jewellery
 j - a ring of magical power (right hand)
Scrolls
 e - a scroll of blinking
Potions
 d - 2 potions of might
Comestibles
 f - 2 bread rations
 g - 4 chunks of flesh
 k - a meat ration


   Skills:
 + Level 3.7 Fighting
 + Level 2.5 Maces & Flails
 - Level 3.2 Armour
 + Level 1.4 Dodging
 + Level 3.8 Shields


You had 2 spell levels left.
You didn't know any spells.

Dungeon Overview and Level Annotations

Branches:
Dungeon (2/15)

Altars:
Cheibriados
Vehumet

Annotations:
D:2 Natasha


Innate Abilities, Weirdness & Mutations

You are resistant to torment.
Your stone body is resilient. (AC +3)
You are immune to poison.
You resist negative energy. (rN+)
You are resistant to electric shocks. (rElec)
You can survive without breathing.
You are immune to petrification.
You are immune to rotting.


Message History

You block the puff of flame.
It is a wand of flame.
Natasha casts a spell.
Natasha zaps a wand.
The puff of flame hits you!
The iron imp sputters.
The iron imp hits you but does no damage.
Your shield prevents you from hitting the iron imp.
Natasha mumbles some strange words.
The iron imp hits you but does no damage.
The shadow imp shouts!
The iron imp hits you but does no damage.
You barely miss Natasha.
Natasha zaps a wand.
The puff of flame misses you. You block Natasha's attack.
You closely miss Natasha. The iron imp hits you!
* * * LOW HITPOINT WARNING * * *
Natasha casts a spell at you. You resist with significant effort.
You closely miss Natasha. The iron imp closely misses you.
You block Natasha's attack. The iron imp closely misses you.
You closely miss Natasha.
Natasha zaps a wand.
The puff of flame hits you!
You die...

#.......### #.##..###
#......## #.###.<.#
#......# #..#...##
#......# ####....###
####...# ##....#.#
##_##..####..#.##.
##≈≈≈.......=...###
#≈≈≈≈≈......h...#
#≈≈.≈≈.....@55(.# ##
#≈≈≈≈≈......#.<.##....
#.≈≈≈.......#......#
##.....######...#.....
##...## #...#.....
##### #...# .... #...#
. #####


You could see an iron imp, Natasha and a shadow imp.

Vanquished Creatures
  Natasha (D:2)
  2 dart slugs
  A leopard gecko (D:1)
  2 giant cockroaches
  4 goblins
  3 hobgoblins (D:1)
  4 jackals (D:1)
  2 bats (D:1)
  6 frilled lizards
  2 kobolds (D:1)
27 creatures vanquished.

Notes
Turn   | Place    | Note
-------+----------+-------------------------------------------
     0 | D:1      | MovingMist the Gargoyle Fighter began the quest for the Orb.
     0 | D:1      | Reached XP level 1. HP: 14/14 MP: 1/1
   128 | D:1      | Reached XP level 2. HP: 14/19 MP: 2/2
   426 | D:1      | Reached skill level 1 in Dodging
   614 | D:1      | Reached XP level 3. HP: 22/23 MP: 3/3
   667 | D:2      | Noticed Natasha
   678 | D:2      | Killed Natasha
   850 | D:2      | Found a radiant altar of Vehumet.
   978 | D:2      | Found a snail-covered altar of Cheibriados.
  1033 | D:2      | Noticed Natasha
  1048 | D:2      | Killed from afar by Natasha

Skill      XL: |  1  2 |
---------------+-------+-----
Dodging        | 1 |  1.4
Fighting       | |  3.7
Maces & Flails | |  2.5
Armour         | |  3.2
Shields        | |  3.8

Action                   || total
-------------------------++-------
Melee: Flail             ||   114
  Use: Scroll            ||     2
Armor: Scale mail        ||    67
Dodge: Dodged            ||    36
Block: Shield            ||    67
